 Dungeon Crawl Stone Soup version 0.19-a0-1223-gf83d13a (webtiles) character file.

117 mrath the Digger (level 5, -8/28 HPs)
             Began as a Gargoyle Earth Elementalist on Aug 24, 2016.
             Mangled by Sigmund
             ... wielding a +2 scythe of holy wrath
              (9 damage)
             ... on level 2 of the Dungeon.
             The game lasted 00:11:32 (2205 turns).

mrath the Digger (Gargoyle Earth Elementalist)      Turns: 2205, Time: 00:11:32

Health: -8/28      AC:  7    Str: 11    XL:     5   Next: 1%
Magic:  3/10       EV: 12    Int: 17    God:
Gold:   101        SH:  0    Dex: 10    Spells: 2 memorised, 7 levels left

rFire  . . .     SeeInvis .     p - +0 short sword
rCold  . . .     Gourm    .     c - +0 robe
rNeg   + . .     Faith    .     (no shield)
rPois  ∞         Spirit   .     y - +0 helmet
rElec  +         Dismiss  .     (no cloak)
rCorr  .         Reflect  .     (no gloves)
MR     .....     Harm     .     (no boots)
Stlth  ++........               (no amulet)
                                (no ring)
                                (no ring)

@: no status effects
A: negative energy resistance 1, electricity resistance, unbreathing,
petrification resistance, rot immunity, AC +4
a: no special abilities


You were on level 2 of the Dungeon.
You were not hungry.

You visited 1 branch of the dungeon, and saw 2 of its levels.

You collected 101 gold pieces.

Inventory:

Hand Weapons
 l - a +0 dagger
 o - a cursed -3 club
 p - a +0 short sword (weapon)
Missiles
 b - 31 stones (quivered)
 w - 23 poisoned needles
Armour
 c - a +0 robe (worn)
 y - a +0 helmet (worn)
Jewellery
 f - a cursed -2 ring of intelligence {unknown}
 j - an uncursed amulet of faith {unknown}
Scrolls
 a - a scroll of blinking {unknown}
 g - 2 scrolls of identify {unknown}
 q - a scroll of enchant weapon {unknown}
 s - a scroll of magic mapping {unknown}
 t - 2 scrolls of teleportation {unknown}
 u - a scroll of fog {unknown}
 v - a scroll of remove curse {unknown}
Potions
 i - a potion of resistance {unknown}
 k - a potion of degeneration {unknown}
 m - a potion of mutation {unknown}
 n - a potion of brilliance {unknown}
 r - a potion of lignification {unknown}
 x - a potion of cure mutation {unknown}
 z - a potion of agility
Books
 e - a book of Geomancy

   Spells                             Type                      Level
   a - Sandblast                      Earth                        1
   b - Passwall                       Transmutation/Earth          2
   c - Stone Arrow                    Conjuration/Earth            3
   d - Petrify                        Transmutation/Earth          4
   e - Lee's Rapid Deconstruction     Earth                        5
Comestibles
 d - 2 bread rations
 h - a chunk of flesh
 A - a meat ration


   Skills:
 - Level 1.5 Dodging
 - Level 2.1 Stealth
 * Level 3.6 Spellcasting
 + Level 1.8 Conjurations
   Level 0.7 Transmutations
 + Level 4.7 Earth Magic


You had 7 spell levels left.
You knew the following spells:

 Your Spells              Type           Power        Failure   Level  Hunger
a - Sandblast             Erth           ###...       2%          1    None
b - Stone Arrow           Conj/Erth      ##....       14%         3    ###....


Dungeon Overview and Level Annotations

Branches:
Dungeon (2/15)

Altars:

Annotations:
D:2 Sigmund


Innate Abilities, Weirdness & Mutations

You are resistant to torment.
Your stone body is resilient. (AC +4)
You are immune to poison.
You resist negative energy. (rN+)
You are resistant to electric shocks. (rElec)
You can survive without breathing.
You are immune to petrification.
You are immune to rotting.


Message History

The hobgoblin is moderately wounded.
The hobgoblin closely misses you. Something hits you but does no damage.
You're too confused to move!
The hobgoblin hits you but does no damage.
Something hits you.
* * * LOW HITPOINT WARNING * * *
You barely miss the hobgoblin.
The hobgoblin is moderately wounded.
You feel less confused. The hobgoblin barely misses you.
You barely miss the hobgoblin.
The hobgoblin is moderately wounded.
The hobgoblin hits you but does no damage.
Something hits you.
* * * LOW HITPOINT WARNING * * *
You barely miss the hobgoblin.
The hobgoblin is moderately wounded.
The hobgoblin hits you but does no damage.
Something hits you!
You die...

#.#
#..≈≈≈
#@#
#..###
#.#
##.#..
#.# #.###
#.# #(. #
#.# ###
#.#
#######.#
#..g@{..#
#'#######
.. ...
... .. #


You could see a hobgoblin.

Vanquished Creatures
  Ijyb (D:2)
  Robin (D:2)
  3 adders (D:2)
  A worm (D:1)
  A dart slug (D:1)
  A ball python (D:1)
  8 bats
  14 goblins
  6 hobgoblins
  4 giant newts
  3 kobolds
  6 rats
49 creatures vanquished.

Notes
Turn   | Place    | Note
-------+----------+-------------------------------------------
     0 | D:1      | mrath the Gargoyle Earth Elementalist began the quest for the Orb.
     0 | D:1      | Reached XP level 1. HP: 10/10 MP: 3/3
   528 | D:1      | Reached XP level 2. HP: 15/15 MP: 1/5
   709 | D:1      | Reached skill level 4 in Earth Magic
  1406 | D:1      | Reached XP level 3. HP: 19/19 MP: 2/7
  1454 | D:1      | Learned a level 3 spell: Stone Arrow
  1576 | D:2      | Noticed Ijyb
  1585 | D:2      | Killed Ijyb
  1642 | D:2      | Reached skill level 1 in Conjurations
  1642 | D:2      | Reached XP level 4. HP: 19/24 MP: 1/8
  1860 | D:2      | Noticed Sigmund
  1866 | D:2      | Noticed Robin
  1890 | D:2      | Killed Robin
  2183 | D:2      | Reached XP level 5. HP: 26/28 MP: 5/10
  2204 | D:2      | HP: 1/28 [something (3)]
  2205 | D:2      | Mangled by Sigmund

Vault maps used:
D:1:      dpeg_arrival_ratfight
D:2:      grunt_decor_cap, uniq_sigmund, uniq_iyjb, uniq_robin

Skill      XL: |  1  2  3 |
---------------+----------+-----
Earth Magic    | 4 |  4.7
Spellcasting   | 3 |  3.6
Conjurations   | 1 |  1.8
Dodging        | |  1.5
Stealth        | |  2.1
Transmutations | |  0.7

Action                   |  1- 3 |  4- 6 || total
-------------------------+-------+-------++-------
Melee: Short sword       |     1 |    12 ||    13
 Cast: Sandblast         |    56 |    39 ||    95
  Eat: Chunk             |     3 |     1 ||     4
Armor: Robe              |    15 |    14 ||    29
Dodge: Dodged            |    29 |    25 ||    54
